| TOP OF THE 1ST |
|
Hudson Valley Renegades batting - Pitching for Vermont Lake Monsters : RHP Zach Monlux
|
|
Pitching: RHP Zach Monlux
|
|
|
Batting: LHB Jonathan Spino
|
0-0: Swinging Strike 0-1: Foul Ball, location: 2F 0-2: Foul Ball, location: 2F 0-2: Ball 1-2: Ball 2-2: Fly out, F9 (Flyball, 9D, EV 95.6 MPH)
|
|
Batting: SHB Chris Lockart
|
0-0: Called Strike 0-1: Called Strike 0-2: Ball 1-2: Ball 2-2: Foul Ball, location: 2F 2-2: Foul Ball, location: 2F 2-2: Ground out U3 (Groundball, 3L, EV 101.9 MPH)
|
|
Batting: RHB Kunizo Yanagisawa
|
0-0: Called Strike 0-1: Ground out 6-3 (Groundball, 6MD, EV 85.0 MPH)
|
| Top of the 1st over - 0 runs, 0 hits, 0 errors, 0 left on base; Hudson Valley 0 - Vermont 0 |
| BOTTOM OF THE 1ST |
|
Vermont Lake Monsters batting - Pitching for Hudson Valley Renegades : RHP Adam Householder
|
|
Pitching: RHP Adam Householder
|
|
|
Batting: SHB Steve Salafia
|
0-0: Ball 1-0: Ball 2-0: SINGLE (Groundball, 34D, EV 102.5 MPH)
|
|
Batting: RHB Amare Brown
|
0-0: Called Strike 0-1: Ball 1-1: Ball 2-1: Ball 3-1: Foul Ball, location: 2F 3-2: Base on Balls Steve Salafia to second
|
|
Batting: RHB Tetsuya Shinoda
|
0-0: Ball 1-0: Ball 2-0: Foul Ball, location: 2F 2-1: Ball 3-1: Grounds into double play, 4-6-3 (Groundball, 4, EV 87.5 MPH) Steve Salafia to third
|
|
Batting: LHB Alejandro Muniz
|
0-0: Ball 1-0: Swinging Strike 1-1: Swinging Strike Balk! Steve Salafia scores 1-2: Ball 2-2: SOLO HOME RUN (Flyball, 89XD, EV 100.6 MPH), Distance : 417 ft
|
|
Batting: RHB Edgardo Rivera
|
0-0: Foul Ball, location: 2F 0-1: Hit by Pitch
|
|
Batting: LHB Felipe Gomez
|
0-0: Ball 1-0: Ball 2-0: Swinging Strike 2-1: Ground out 4-3 (Groundball, 4, EV 85.6 MPH)
|
| Bottom of the 1st over - 2 runs, 2 hits, 0 errors, 1 left on base; Hudson Valley 0 - Vermont 2 |
| TOP OF THE 2ND |
|
Hudson Valley Renegades batting - Pitching for Vermont Lake Monsters : RHP Zach Monlux
|
|
Batting: RHB Alex Koral
|
0-0: Ball 1-0: Foul Ball, location: 2F 1-1: Ball 2-1: Foul Ball, location: 2F 2-2: Ball 3-2: Strikes out swinging
|
|
Batting: SHB Joshua Jackson
|
0-0: Called Strike 0-1: Called Strike 0-2: Foul Ball, location: 2F 0-2: Ball 1-2: SINGLE (Groundball, 23, EV 66.2 MPH) (infield hit)
|
|
Batting: RHB Wan-ling Zhu
|
0-0: Ball Joshua Jackson is caught stealing 2nd base 2-4 1-0: Foul Ball, location: 2F 1-1: Foul Ball, location: 2F 1-2: Ball 2-2: DOUBLE (Line Drive, 9LM, EV 100.6 MPH)
|
|
Batting: RHB Mikey Sano
|
0-0: Called Strike 0-1: Called Strike 0-2: Ball 1-2: Strikes out swinging
|
| Top of the 2nd over - 0 runs, 2 hits, 0 errors, 1 left on base; Hudson Valley 0 - Vermont 2 |
| BOTTOM OF THE 2ND |
|
Vermont Lake Monsters batting - Pitching for Hudson Valley Renegades : RHP Adam Householder
|
|
Batting: RHB Ryan Jennings
|
0-0: Ball 1-0: Swinging Strike 1-1: Ball 2-1: Foul Ball, location: 2F 2-2: Strikes out swinging
|
|
Batting: SHB Matt Sybrant
|
0-0: Called Strike 0-1: Ground out 4-3 (Groundball, 4, EV 105.0 MPH)
|
|
Batting: SHB Mike Kirk
|
0-0: Called Strike 0-1: Foul Ball, location: 2F 0-2: Ball 1-2: SINGLE (Groundball, 4M, EV 103.1 MPH) (infield hit)
|
|
Batting: SHB Steve Salafia
|
0-0: DOUBLE (Line Drive, 78D, EV 108.1 MPH) Mike Kirk to third Runner from 3rd tries for Home, SAFE, no throw by LF
|
|
Batting: RHB Amare Brown
|
0-0: Ball 1-0: Ground out 6-3 (Groundball, 6S, EV 87.5 MPH)
|
| Bottom of the 2nd over - 1 run, 2 hits, 0 errors, 1 left on base; Hudson Valley 0 - Vermont 3 |
| TOP OF THE 3RD |
|
Hudson Valley Renegades batting - Pitching for Vermont Lake Monsters : RHP Zach Monlux
|
|
Batting: LHB Sean Boenig
|
0-0: Ball 1-0: Ball 2-0: Foul Ball, location: 2F 2-1: Ball 3-1: Called Strike 3-2: SOLO HOME RUN (Flyball, 9LD, EV 98.1 MPH), Distance : 351 ft
|
|
Batting: RHB Chris Glavin
|
0-0: Called Strike 0-1: Swinging Strike 0-2: Ball 1-2: Strikes out swinging
|
|
Batting: LHB Jonathan Spino
|
0-0: Called Strike 0-1: Ground out 4-3 (Groundball, 4, EV 87.5 MPH)
|
|
Batting: SHB Chris Lockart
|
0-0: Ball 1-0: Swinging Strike 1-1: Ball 2-1: Ball 3-1: Base on Balls
|
|
Batting: RHB Kunizo Yanagisawa
|
0-0: Called Strike 0-1: Ball 1-1: Ball 2-1: SINGLE (Groundball, 3D, EV 101.9 MPH) Chris Lockart to second Runner from 2nd tries for 3rd, OUT! 9-5
|
| Top of the 3rd over - 1 run, 2 hits, 0 errors, 1 left on base; Hudson Valley 1 - Vermont 3 |
| BOTTOM OF THE 3RD |
|
Vermont Lake Monsters batting - Pitching for Hudson Valley Renegades : RHP Adam Householder
|
|
Batting: RHB Tetsuya Shinoda
|
0-0: Called Strike 0-1: Ball 1-1: Called Strike 1-2: Ball 2-2: Ball 3-2: Fly out, F3 (Popup, 3, EV 66.2 MPH)
|
|
Batting: LHB Alejandro Muniz
|
0-0: Called Strike 0-1: Ball 1-1: Swinging Strike 1-2: Foul Ball, location: 2F 1-2: Foul Ball, location: 2F 1-2: Ball 2-2: DOUBLE (Line Drive, 9LS, EV 107.5 MPH)
|
|
Batting: RHB Edgardo Rivera
|
0-0: Ball 1-0: Foul Ball, location: 2F 1-1: Called Strike 1-2: Strikes out swinging
|
|
Batting: LHB Felipe Gomez
|
0-0: Fly out, F7 (Flyball, 7S, EV 70.6 MPH)
|
| Bottom of the 3rd over - 0 runs, 1 hit, 0 errors, 1 left on base; Hudson Valley 1 - Vermont 3 |
| TOP OF THE 4TH |
|
Hudson Valley Renegades batting - Pitching for Vermont Lake Monsters : RHP Zach Monlux
|
|
Batting: RHB Alex Koral
|
0-0: Ball 1-0: Foul Ball, location: 2F 1-1: Called Strike 1-2: Ball 2-2: Ball 3-2: Base on Balls
|
|
Batting: SHB Joshua Jackson
|
0-0: Called Strike 0-1: Ball 1-1: Foul Ball, location: 2F 1-2: Ball 2-2: Ball 3-2: Base on Balls Alex Koral to second
|
|
Batting: RHB Wan-ling Zhu
|
0-0: Ball Wild Pitch! Alex Koral to third Joshua Jackson to second 1-0: Foul Ball, location: 2F 1-1: Ground out 4-3 (Groundball, 4M, EV 93.8 MPH) Alex Koral scores Joshua Jackson to third
|
|
Batting: RHB Mikey Sano
|
0-0: Swinging Strike 0-1: Ball 1-1: Ball 2-1: Swinging Strike 2-2: Foul Ball, location: 2F 2-2: Strikes out looking
|
|
Batting: LHB Sean Boenig
|
0-0: Called Strike 0-1: Foul Ball, location: 2F 0-2: Ball 1-2: Ball 2-2: Strikes out swinging
|
| Top of the 4th over - 1 run, 0 hits, 0 errors, 1 left on base; Hudson Valley 2 - Vermont 3 |
| BOTTOM OF THE 4TH |
|
Vermont Lake Monsters batting - Pitching for Hudson Valley Renegades : RHP Adam Householder
|
|
Batting: RHB Ryan Jennings
|
0-0: Ball 1-0: Called Strike 1-1: Foul Ball, location: 2F 1-2: Ball 2-2: SINGLE (Line Drive, 9LS, EV 95.6 MPH)
|
|
Batting: SHB Matt Sybrant
|
0-0: Ball 1-0: Ball 2-0: Ball 3-0: Called Strike 3-1: Fly out, F4 (Popup, 34S, EV 82.5 MPH)
|
|
Batting: SHB Mike Kirk
|
0-0: Ball 1-0: Called Strike 1-1: Swinging Strike 1-2: Ball Wild Pitch! Ryan Jennings to second 2-2: Fly out, F7 (Flyball, 7D, EV 101.2 MPH) Runner from 2nd tags up, SAFE at 3rd, no throw by LF
|
|
Batting: SHB Steve Salafia
|
0-0: Called Strike 0-1: Foul Ball, location: 2F 0-2: Foul Ball, location: 2F 0-2: Ball 1-2: SINGLE (Flyball, 6D, EV 95.0 MPH) Ryan Jennings scores
|
|
Batting: RHB Amare Brown
|
0-0: Called Strike 0-1: Called Strike 0-2: Strikes out swinging
|
| Bottom of the 4th over - 1 run, 2 hits, 0 errors, 1 left on base; Hudson Valley 2 - Vermont 4 |
| TOP OF THE 5TH |
|
Hudson Valley Renegades batting - Pitching for Vermont Lake Monsters : RHP Zach Monlux
|
|
Batting: RHB Chris Glavin
|
0-0: Ball 1-0: Ball 2-0: Ball 3-0: Called Strike 3-1: Foul Ball, location: 2F 3-2: Ground out 5-3 (Groundball, 5, EV 90.0 MPH)
|
|
Batting: LHB Jonathan Spino
|
0-0: Called Strike 0-1: SINGLE (Groundball, 4D, EV 96.2 MPH)
|
|
Batting: SHB Chris Lockart
|
0-0: Ball Jonathan Spino steals 2nd base 1-0: Ground out U3 (Groundball, 13, EV 88.1 MPH) Jonathan Spino to third
|
|
Batting: RHB Kunizo Yanagisawa
|
0-0: Ball 1-0: Ball 2-0: Foul Ball, location: 2F 2-1: Ball 3-1: Foul Ball, location: 2F 3-2: Strikes out looking
|
| Top of the 5th over - 0 runs, 1 hit, 0 errors, 1 left on base; Hudson Valley 2 - Vermont 4 |
| BOTTOM OF THE 5TH |
|
Vermont Lake Monsters batting - Pitching for Hudson Valley Renegades : RHP Adam Householder
|
|
Batting: RHB Tetsuya Shinoda
|
0-0: Fly out, F7 (Flyball, 7S, EV 95.0 MPH)
|
|
Batting: LHB Alejandro Muniz
|
0-0: Swinging Strike 0-1: Ball 1-1: Foul Ball, location: 2F 1-2: Ball 2-2: Strikes out looking
|
|
Batting: RHB Edgardo Rivera
|
0-0: Ball 1-0: Swinging Strike 1-1: Called Strike 1-2: Fly out, F8 (Flyball, 8LD, EV 102.5 MPH)
|
| Bottom of the 5th over - 0 runs, 0 hits, 0 errors, 0 left on base; Hudson Valley 2 - Vermont 4 |
| TOP OF THE 6TH |
|
Hudson Valley Renegades batting - Pitching for Vermont Lake Monsters : RHP Zach Monlux
|
|
Pitching: RHP Carlos Pichardo
|
|
|
Batting: RHB Alex Koral
|
0-0: Ball 1-0: SINGLE (Groundball, 6D, EV 106.9 MPH)
|
|
Batting: SHB Joshua Jackson
|
0-0: Called Strike 0-1: Foul Ball, location: 2F 0-2: Fielders Choice at 2nd, 6-4 (Groundball, 6, EV 103.8 MPH)
|
|
Pinch Hitting: LHB Mario Ocana
|
0-0: Called Strike Joshua Jackson is caught stealing 2nd base 2-6 0-1: Ball 1-1: Foul Ball, location: 2F 1-2: Fly out, F9 (Flyball, 9D, EV 96.2 MPH)
|
| Top of the 6th over - 0 runs, 1 hit, 0 errors, 0 left on base; Hudson Valley 2 - Vermont 4 |
| BOTTOM OF THE 6TH |
|
Vermont Lake Monsters batting - Pitching for Hudson Valley Renegades : RHP Adam Householder
|
|
Now at SS: Mario Ocana
|
|
|
Batting: LHB Felipe Gomez
|
0-0: Called Strike 0-1: Foul Ball, location: 2F 0-2: Foul Ball, location: 2F 0-2: Ball 1-2: Ball 2-2: Ball 3-2: Strikes out swinging
|
|
Pitching: LHP John Sceviour
|
|
|
Batting: RHB Ryan Jennings
|
0-0: Swinging Strike 0-1: Foul Ball, location: 2F 0-2: Foul Ball, location: 2F 0-2: Strikes out looking
|
|
Batting: SHB Matt Sybrant
|
0-0: Ball 1-0: Ball 2-0: Ball 3-0: Base on Balls
|
|
Batting: SHB Mike Kirk
|
0-0: DOUBLE (Line Drive, 78XD, EV 113.8 MPH) Matt Sybrant to third Runner from 3rd tries for Home, SAFE, throw by LF to home
|
|
Batting: SHB Steve Salafia
|
0-0: Ball 1-0: Fly out, F9 (Line Drive, 89M, EV 108.1 MPH)
|
| Bottom of the 6th over - 1 run, 1 hit, 0 errors, 1 left on base; Hudson Valley 2 - Vermont 5 |
| TOP OF THE 7TH |
|
Hudson Valley Renegades batting - Pitching for Vermont Lake Monsters : RHP Carlos Pichardo
|
|
Batting: RHB Mikey Sano
|
0-0: Fly out, F9 (Flyball, 9D, EV 101.9 MPH)
|
|
Batting: LHB Sean Boenig
|
0-0: Swinging Strike 0-1: Swinging Strike 0-2: Strikes out swinging
|
|
Batting: RHB Chris Glavin
|
0-0: Ball 1-0: Swinging Strike 1-1: Swinging Strike 1-2: Strikes out looking
|
| Top of the 7th over - 0 runs, 0 hits, 0 errors, 0 left on base; Hudson Valley 2 - Vermont 5 |
| BOTTOM OF THE 7TH |
|
Vermont Lake Monsters batting - Pitching for Hudson Valley Renegades : LHP John Sceviour
|
|
Batting: RHB Amare Brown
|
0-0: Ball 1-0: Ball 2-0: Ground out 6-3 (Groundball, 6, EV 91.2 MPH)
|
|
Batting: RHB Tetsuya Shinoda
|
0-0: Called Strike 0-1: Ball 1-1: Foul Ball, location: 2F 1-2: Hit by Pitch
|
|
Batting: LHB Alejandro Muniz
|
0-0: Ball 1-0: SINGLE (Groundball, 34D, EV 94.4 MPH) Tetsuya Shinoda to second Runner from 2nd tries for 3rd, SAFE, throw by RF made to third
|
|
Batting: RHB Edgardo Rivera
|
0-0: Ball Wild Pitch! Tetsuya Shinoda scores Alejandro Muniz to second 1-0: Called Strike 1-1: Swinging Strike 1-2: Ball 2-2: Strikes out swinging
|
|
Batting: LHB Felipe Gomez
|
0-0: Ball 1-0: Foul Ball, location: 2F 1-1: Swinging Strike 1-2: Ball 2-2: Ball 3-2: Strikes out looking
|
| Bottom of the 7th over - 1 run, 1 hit, 0 errors, 1 left on base; Hudson Valley 2 - Vermont 6 |
| TOP OF THE 8TH |
|
Hudson Valley Renegades batting - Pitching for Vermont Lake Monsters : RHP Carlos Pichardo
|
|
Batting: LHB Jonathan Spino
|
0-0: Called Strike 0-1: Swinging Strike 0-2: Strikes out swinging
|
|
Batting: SHB Chris Lockart
|
0-0: Ball 1-0: Ball 2-0: Ball 3-0: Base on Balls
|
|
Batting: RHB Kunizo Yanagisawa
|
0-0: Ball 1-0: Foul Ball, location: 2F 1-1: Ball 2-1: Called Strike 2-2: Foul Ball, location: 2F 2-2: Ball 3-2: Fielders Choice at 2nd, 6-4 (Groundball, 6, EV 109.4 MPH)
|
|
Batting: RHB Alex Koral
|
0-0: Fly out, F9 (Flyball, 89XD, EV 95.6 MPH)
|
| Top of the 8th over - 0 runs, 0 hits, 0 errors, 1 left on base; Hudson Valley 2 - Vermont 6 |
| BOTTOM OF THE 8TH |
|
Vermont Lake Monsters batting - Pitching for Hudson Valley Renegades : LHP John Sceviour
|
|
Pitching: LHP Min Xue
|
|
|
Batting: RHB Ryan Jennings
|
0-0: Foul Ball, location: 2F 0-1: Ball 1-1: Ball 2-1: Foul Ball, location: 2F 2-2: Foul Ball, location: 2F 2-2: Foul Ball, location: 2F 2-2: Foul Ball, location: 2F 2-2: Ball 3-2: Foul Ball, location: 2F 3-2: Foul Ball, location: 2F 3-2: Base on Balls
|
|
Batting: SHB Matt Sybrant
|
0-0: Ball 1-0: Ball 2-0: Called Strike 2-1: Foul Ball, location: 2F 2-2: Ball 3-2: Fielders Choice at 2nd, 4-6 (Groundball, 4S, EV 80.6 MPH)
|
|
Batting: SHB Mike Kirk
|
0-0: Called Strike 0-1: Called Strike 0-2: Ball 1-2: Foul Ball, location: 2F 1-2: Fielders Choice at 2nd, 1-4 (Groundball, 15S, EV 68.1 MPH)
|
|
Batting: SHB Steve Salafia
|
0-0: Ball 1-0: Ball 2-0: Ball Wild Pitch! Mike Kirk to second 3-0: Called Strike 3-1: Fly out, F9 (Flyball, 9LM, EV 82.5 MPH)
|
| Bottom of the 8th over - 0 runs, 0 hits, 0 errors, 1 left on base; Hudson Valley 2 - Vermont 6 |
| TOP OF THE 9TH |
|
Hudson Valley Renegades batting - Pitching for Vermont Lake Monsters : RHP Carlos Pichardo
|
|
Batting: SHB Joshua Jackson
|
0-0: Foul Ball, location: 2F 0-1: SINGLE (Groundball, 4D, EV 108.1 MPH)
|
|
Pitching: RHP Bobby Feig
|
|
|
Batting: LHB Mario Ocana
|
0-0: Called Strike 0-1: Foul Ball, location: 2F 0-2: Foul Ball, location: 2F 0-2: Strikes out swinging
|
|
Batting: RHB Mikey Sano
|
0-0: Ball 1-0: Swinging Strike 1-1: Foul Ball, location: 2F 1-2: Strikes out swinging
|
|
Batting: LHB Sean Boenig
|
0-0: Ball 1-0: Fly out, F8 (Flyball, 8LXD, EV 85.0 MPH)
|
| Top of the 9th over - 0 runs, 1 hit, 0 errors, 1 left on base; Hudson Valley 2 - Vermont 6 |
|